 Dungeon Crawl Stone Soup version 0.21-a0-426-g98080a9 (webtiles) character file.

809 penismuncher the Martial Artist (level 7, -11/69 HPs)
             Began as an Octopode Monk on Nov 8, 2017.
             Mangled by an orc warrior
             ... wielding a +0 mace
              (13 damage)
             ... on level 6 of the Dungeon.
             The game lasted 00:06:18 (5020 turns).

penismuncher the Martial Artist (Octopode Monk)     Turns: 5020, Time: 00:06:18

Health: -11/69     AC: 23    Str: 12    XL:     7   Next: 92%
Magic:  6/6        EV:  2    Int: 13    God:
Gold:   264        SH:  0    Dex: 14    Spells: 6/6 levels left

rFire    . . .     SeeInvis .     - Unarmed
rCold    . . .     Gourm    .   (no shield)
rNeg     + + +     Faith    .   (helmet currently unavailable)
rPois    +         Spirit   .   (no amulet)
rElec    .         Reflect  .   j - ring of protection from magic
rCorr    .         Harm     .   q - +2 ring of evasion
MR       ++...     Clarity  +   r - ring of protection from magic Stlth ++........NoTele +
                                (no ring)
HPRegen  0.21/turn              (no ring)
MPRegen  0.10/turn              (no ring)
                                (no ring)
                                (no ring)

@: tree-form
A: almost no armour, stealthy swim, (amphibious), 8 rings, (constrict 8),
clarity, low mp 1, evolution 1, no potion heal 1
a: no special abilities


You were on level 6 of the Dungeon.
You were not hungry.
You were a tree.
You visited 1 branch of the dungeon, and saw 6 of its levels.

You collected 264 gold pieces.

Inventory:

Jewellery
 j - a ring of protection from magic (left branch)
 q - a +2 ring of evasion (right branch)
 r - a ring of protection from magic (on tentacle)
Wands
 v - a wand of digging (11/24)
Scrolls
 c - a scroll of immolation {unknown}
 d - 4 scrolls of teleportation
 f - 2 scrolls of remove curse
 i - a scroll of noise {unknown}
 k - a scroll of random uselessness {unknown}
 m - 4 scrolls of identify
 p - a scroll of amnesia {unknown}
 s - a scroll of enchant weapon {unknown}
 w - a scroll of magic mapping {unknown}
Potions
 b - a potion of magic
 e - a potion of lignification
 n - a potion of mutation
 u - a potion of invisibility {unknown}
Comestibles
 a - 2 bread rations
 g - a royal jelly
 h - 5 fruits
 o - a meat ration


   Skills:
 + Level 3.0 Fighting
 - Level 3.0 Dodging
 - Level 2.6 Stealth
 - Level 9.1 Unarmed Combat


You had 6 spell levels left.
You didn't know any spells.

Dungeon Overview and Level Annotations

Branches:
Dungeon (6/15)
 Temple: D:4-7

Altars:
Okawaru
Sif Muna
Uskayaw

Shops:
D:5 (


Innate Abilities, Weirdness & Mutations

You cannot wear most types of armour.
You are very stealthy in the water. (Stealth+)
((You are amphibious.))
You can wear up to eight rings at the same time.
((You can use your tentacles to constrict eight enemies at once.))
((Your skin changes colour to match your surroundings (Stealth+).))
((Your rubbery body absorbs attacks. (AC +1, EV +1)))
You possess an exceptional clarity of mind.
Your magical capacity is low. (-10% MP)
You evolve.
Potions are less effective at restoring your health.


Message History

As you read the scroll labeled ILYSTR QONNIOGH, it crumbles to dust.
You feel strangely unstable.
It was a scroll of teleportation.
The orc warrior misses you.
It was a potion of cancellation.
You feel strangely stable.
You feel magically purged.
The orc wizard shouts!
You hear a shout!
The orc warrior misses you.
You closely miss the orc warrior. You grab the orc warrior.
You constrict the orc warrior. You bludgeon the orc warrior!
The orc warrior is moderately wounded.
You constrict the orc warrior. The orc warrior hits you with a mace!
* * * LOW HITPOINT WARNING * * *
It was a potion of magic.
Magic courses through your body.
You constrict the orc warrior. The orc warrior closely misses you.
It was a potion of lignification.
You turn into a tree.
Your roots penetrate the ground.
You lose your grip on the orc warrior.
The orc warrior hits you with a mace!
You die...

.. ......
......
#......##
#.......##
#...#....######
#...##....#Wo♣#
#...# #..oo####
#...###...##
##....o...##
###.........#
#......####..#
..(..<## ##.#
......# ..#
#.....# #..#


You could see a phantom, an orc warrior and 2 orcs.

Vanquished Creatures
  The ghost of penismuncher the Insei, an amateur OpMo (D:4)
  An ogre (D:4)
  A centaur (D:4)
  A scorpion (D:4)
  A howler monkey (D:4)
  A hound (D:4)
  A bullfrog skeleton (D:4)
  2 orc wizards (D:4)
  Terence (D:3)
  2 worker ants
  7 gnolls
  3 adders
  An ooze (D:1)
  2 worms
  A dart slug (D:1)
  4 leopard geckos
  9 orcs
  A ball python (D:2)
  3 giant cockroaches
  12 goblins
  10 hobgoblins
  4 jackals
  A quokka (D:4)
  9 bats
  3 frilled lizards
  6 kobolds
  A leopard gecko zombie (D:5)
  A quokka skeleton (D:4)
  11 rats
101 creatures vanquished.

Notes
Turn   | Place    | Note
-------+----------+-------------------------------------------
     0 | D:1      | penismuncher the Octopode Monk began the quest for the Orb.
     0 | D:1      | Reached XP level 1. HP: 16/16 MP: 1/1
    82 | D:1      | Reached XP level 2. HP: 14/21 MP: 2/2
   279 | D:1      | Reached skill level 4 in Unarmed Combat
   288 | D:1      | Reached XP level 3. HP: 22/26 MP: 3/3
   745 | D:2      | Reached XP level 4. HP: 13/31 MP: 4/4
  1019 | D:2      | Reached skill level 5 in Unarmed Combat
  1450 | D:2      | Found a deep blue altar of Sif Muna.
  1450 | D:2      | Found a hide-covered altar of Uskayaw.
  1566 | D:3      | Noticed Terence
  1571 | D:3      | Killed Terence
  1571 | D:3      | Reached XP level 5. HP: 15/36 MP: 5/5
  2077 | D:3      | Reached skill level 6 in Unarmed Combat
  2699 | D:4      | Reached XP level 6. HP: 26/42 MP: 6/6
  2711 | D:4      | Found an iron altar of Okawaru.
  3044 | D:4      | Reached skill level 7 in Unarmed Combat
  3171 | D:4      | Noticed penismuncher's ghost (amateur OpMo)
  3181 | D:4      | Gained mutation: You evolve. [potion of mutation]
  3181 | D:4      | Gained mutation: Potions are less effective at restoring your health. [potion of mutation]
  3181 | D:4      | Gained mutation: Your magical capacity is low. (-10% MP) [potion of mutation]
  3181 | D:4      | Gained mutation: You possess an exceptional clarity of mind. [potion of mutation]
  3522 | D:4      | Reached XP level 7. HP: 46/46 MP: 6/6
  3568 | D:4      | Reached skill level 8 in Unarmed Combat
  3998 | D:4      | Killed penismuncher's ghost
  4316 | D:4      | Reached skill level 9 in Unarmed Combat
  4680 | D:5      | Entered Level 5 of the Dungeon
  4741 | D:5      | Found Ycehyeliv's Antique Weapon Boutique.
  5018 | D:6      | HP: 1/46 [orc warrior/mace (14)]
  5020 | D:6      | Mangled by an orc warrior

Vault maps used:
D:1:      doesnt_arrival_eight_statues
D:2:      gammafunk_temple_overflow_wave
D:3:      uniq_terence
D:4:      okawaru_trees_2, first_bread
D:5:      grunt_temple_overflow_champion_of_chaos, lemuel_doored_altar,
          serial_shops, shop
D:6:      amethyst_killhole

Skill      XL: |  1  2  3  4  5  6  7 |
---------------+----------------------+-----
Unarmed Combat | 4 5 6 7 9 |  9.1
Fighting       | |  3.0
Dodging        | |  3.0
Stealth        | |  2.6

Action                   |  1- 3 |  4- 6 |  7- 9 || total
-------------------------+-------+-------+-------++-------
Melee: Unarmed           |    53 |   150 |    43 ||   246
       Constrict         |    16 |    31 |     7 ||    54
       Tentacles         |     8 |    22 |     8 ||    38
       Punch             |     3 |     6 |     3 ||    12
  Use: Potion            |       |     9 |     3 ||    12
       Scroll            |       |       |     3 ||     3
 Stab: Sleeping          |     8 |    21 |     2 ||    31
       Distracted        |       |     2 |       ||     2
  Eat: Chunk             |       |     8 |     3 ||    11
       Bread ration      |       |       |     1 ||     1
Armor: Skin              |     1 |     8 |     2 ||    11
Dodge: Dodged            |    39 |    78 |    33 ||   150

Table legend:
 A = Spawn XP
 B = Non-spawn XP
 C = Spawn XP percentage of total XP
 D = Spawn monster count
 E = Non-spawn monster count
 F = Spawn count percentage of total count
 G = Total turns spent on level
                    A         B        C        D         E        F      G
               +---------+---------+-------+---------+---------+-------+---------
         Total |       0 |    1156 |   0.0 |       0 |     101 |   0.0 |  5020
               +---------+---------+-------+---------+---------+-------+---------
           D:1 |       0 |      76 |   0.0 |       0 |      26 |   0.0 |   979
           D:2 |       0 |      76 |   0.0 |       0 |      23 |   0.0 |   587
           D:3 |       0 |      86 |   0.0 |       0 |      23 |   0.0 |  1469
           D:4 |       0 |     882 |   0.0 |       0 |      26 |   0.0 |  1645
           D:5 |       0 |      36 |   0.0 |       0 |       3 |   0.0 |   313
               +---------+---------+-------+---------+---------+-------+---------
